 Dungeon Crawl Stone Soup version 0.30.1-1-g62c8e00024 (webtiles) character file.

Game seed: 1363878863635805651

39112 Heoruswealwe the Eclecticist (level 13, -7/63 HPs)
             Began as a Deep Elf Conjurer on July 16, 2023.
             Was a High Priest of Vehumet.
             Mangled by an ice devil (14 damage)
             ... on level 12 of the Dungeon.
             The game lasted 02:33:34 (10503 turns).

Heoruswealwe the Eclecticist (Deep Elf Conjurer)   Turns: 10503, Time: 02:33:34

Health: -7/63      AC:  8    Str:  4    XL:     13   Next: 67%
Magic:  21/39      EV: 12    Int: 29    God:    Vehumet [*****.]
Gold:   585        SH:  5    Dex: 13    Spells: 30/52 levels left

rFire   . . .        b - +0 war axe (heavy)
rCold   . . .        (no shield)
rNeg    . . .        c - +1 robe {Will+}
rPois   .            g - +0 helmet
rElec   .            (no cloak)
rCorr   .            f - +0 pair of gloves
SInv    +            e - +2 pair of boots
Will    +++..        i - amulet of reflection
Stlth   ++           k - ring of see invisible
HPRegen 0.30/turn    j - ring of willpower
MPRegen 0.26/turn

%: reflection
@: no status effects
A: no striking features
a: Renounce Religion


You were on level 12 of the Dungeon.
You worshipped Vehumet.
Vehumet was extremely pleased with you.
You visited 2 branches of the dungeon, and saw 13 of its levels.

You collected 903 gold pieces.
You spent 318 gold pieces at shops.

Inventory:

Hand Weapons
 b - a +0 heavy war axe (weapon)
 t - a +0 vampiric rapier
Armour
 c - a +1 robe of willpower (worn)
 e - a +2 pair of boots (worn)
 f - a +0 pair of gloves (worn)
 g - a +0 helmet (worn)
Magical Staves
 o - a staff of cold
Jewellery
 i - an amulet of reflection (around neck)
 j - a ring of willpower (right hand)
 k - a ring of see invisible (left hand)
 D - a ring of magical power
Wands
 u - a wand of charming (4)
 z - a wand of digging (9)
 E - a wand of roots (5)
Scrolls
 d - 2 scrolls of blinking
 h - 2 scrolls of immolation
 m - 3 scrolls of fear
 r - 4 scrolls of poison
 s - 4 scrolls of teleportation
 A - a scroll of brand weapon
 B - a scroll of amnesia
 C - 2 scrolls of enchant armour
 H - a scroll of vulnerability {unknown}
 I - a scroll of torment {unknown}
Potions
 a - 2 potions of haste
 l - 2 potions of heal wounds
 n - a potion of ambrosia
 p - 6 potions of curing
 q - 2 potions of resistance
 v - 3 potions of magic
 w - a potion of flight
 x - a potion of invisibility
 y - 2 potions of might
 F - a potion of mutation {unknown}
 G - a potion of brilliance {unknown}


   Skills:
 - Level 2.4 Dodging
 - Level 2.4 Stealth
 + Level 20.1 Spellcasting
 + Level 17.5 Conjurations


You had 30 spell levels left.
You knew the following spells:

 Your Spells              Type           Power      Damage    Failure   Level
a - Magic Dart            Conj           100%       1d8       0%          1
b - Shock                 Conj/Air       100%       1d9       1%          1
c - Kiss of Death         Conj/Necr      100%       2d13      1%          1
d - Searing Ray           Conj           100%       2d8       0%          2
e - Momentum Strike       Conj/Tloc      100%       3d10      1%          2
f - Dazzling Flash        Conj/Hex       100%       N/A       1%          3
g - Iskenderun's Mystic   Conj/Tloc      68%        2d14      1%          4
h - Fulminant Prism       Conj/Hex       34%        3d16      1%          4
i - Sticky Flame          Conj/Fire      68%        2d8       1%          4

Your spell library contained the following spells:

 Spells                   Type           Power      Damage    Failure   Level
 Lee's Rapid Deconstruct  Erth           14%        3d9*      11%         5
 Apportation              Tloc           58%        N/A       1%          1
 Beastly Appendage        Tmut           58%        N/A       1%          1
 Necrotise                Necr           100%       1d9       1%          1
 Sandblast                Erth           58%        2d13      1%          1
 Slow                     Hex            100%       N/A       1%          1
 Sting                    Tmut/Pois      100%       1d8       1%          1
 Poisonous Vapours        Pois/Air       58%        N/A       1%          2
 Wereblood                Tmut           29%        N/A       1%          2
 Olgreb's Toxic Radiance  Pois           29%        N/A       3%          4
 Confusing Touch          Hex            29%        N/A       4%          3
 Spider Form              Tmut/Pois      29%        N/A       4%          3
 Vampiric Draining        Necr           29%        2d8       4%          3
 Agony                    Necr           29%        N/A       36%         5


Dungeon Overview and Level Annotations

Branches:
Dungeon (12/15)            Temple (1/1) D:7            Lair (0/5) D:9
    Orc (0/2) D:11

Altars:
Ashenzari
Cheibriados
Dithmenos
Elyvilon
Fedhas
Gozag
Hepliaklqana
Kikubaaqudgha
Makhleb
Nemelex Xobeh
Okawaru
Qazlal
Ru
Sif Muna
Trog
Uskayaw
Vehumet
Wu Jian
Xom
Yredelemnul
Zin
The Shining One

Shops:
D:5 *

Annotations:
D:12 Erolcha


Message History

The ice devil is heavily wounded.
The ice devil is knocked back by the mystic blast.
The mystic blast hits the ice devil!
The ice devil is moderately wounded.
The ice devil is knocked back by the mystic blast.
The ice devil slams into the rock wall!
The ice devil is moderately wounded.
You hear the steady crackling of a melting archway very nearby.
Casting: Iskenderun's Mystic Blast (safe; 1% risk of failure)
Confirm with . or Enter, or press ? or * to list all spells.
You erupt in a blast of force!
The mystic blast hits the ice devil!
The ice devil is severely wounded.
The ice devil is knocked back by the mystic blast.
The mystic blast hits the ice devil.
The ice devil is heavily wounded.
The ice devil is knocked back by the mystic blast.
The ice devil slams into the rock wall!
The ice devil is heavily wounded.
The magic dart hits the ice devil but does no damage.
The ice devil is heavily wounded.
The magic dart hits the ice devil but does no damage.
The ice devil is heavily wounded.
The ice devil barely misses you.
The magic dart hits the ice devil.
The ice devil is heavily wounded.
The ice devil hits you! The ice devil freezes you!
* * * LOW HITPOINT WARNING * * *
You feel much better. The ice devil hits you. The ice devil freezes you!!
* * * LOW HITPOINT WARNING * * *
You block the ice devil's attack.
You feel much better.
The ice devil hits you but does no damage.
The ice devil hits you. The ice devil freezes you!!
* * * LOW HITPOINT WARNING * * *
You feel much better. The ice devil hits you! The ice devil freezes you!
* * * LOW HITPOINT WARNING * * *
The ice devil hits you!
* * * LOW HITPOINT WARNING * * *
The ice devil freezes you!
You die...

...# ##...... ..?#
#....... ...# ##.######
...# #..# ...# ##.##
...# . ### #..# ..##
...## +.# ##.## ..#
......#.# #..# ..# #.4@#
##.## ..# ###4# #..# ..#
#.# ##.## ... ##.# #..#
.. #..# ##.## #..# #..#
#####..###.## ##
........(...###########.
.........##.†...........


You could see 2 ice devils.

Vanquished Creatures
  Kirke (D:12)
  3 two-headed ogres
  A boulder beetle (D:11)
  3 manticores
  2 cyclopes
  An unseen horror (D:12)
  A kobold demonologist (D:10)
  A komodo dragon (D:12)
  A hornet (D:10)
  Grinder (D:6)
  A shadow (D:12)
  A wraith (D:12)
  23 yaks
  A basilisk (D:10)
  A vampire (D:12)
  5 hogs (D:12)
  2 wyverns
  3 vampire mosquitoes (D:10)
  Edmund (D:5)
  Menkaure (D:4)
  2 acid dragons
  3 water moccasins
  Duvessa (D:6)
  4 orc warriors
  3 sky beasts
  4 centaurs
  2 ogres
  2 kobold brigands (D:10)
  3 bullfrogs
  3 scorpions
  11 wights
  Dowan (D:6)
  5 killer bees (D:10)
  A vampire bat (D:9)
  3 howler monkeys (D:11)
  2 jellies
  4 hounds
  2 gnoll boudas
  3 orc priests
  A sleepcap (D:4)
  Jessica (D:2)
  3 iguanas
  10 orc wizards
  Robin (D:3)
  10 gnolls
  8 adders
  2 shadow imps
  2 white imps
  2 ufetubi (D:6)
  5 worms
  3 dart slugs
  72 orcs
  12 ball pythons
  4 bat skeletons (D:9)
  2 bat zombies (D:9)
  7 endoplasms
  2 giant cockroaches
  14 goblins
  13 hobgoblins
  4 jackals (D:1)
  5 quokkas
  21 kobolds
  25 rats
342 creatures vanquished.

Vanquished Creatures (others)
  A cyclops (D:12)
  A kobold brigand (D:10)
  38 fulminant prisms
40 creatures vanquished.

Grand Total: 382 creatures vanquished

Notes
Turn   | Place    | Note
-------+----------+-------------------------------------------
     0 | D:1      | Heoruswealwe the Deep Elf Conjurer began the quest for the
                  | Orb.
     0 | D:1      | Reached XP level 1. HP: 10/10 MP: 6/6
    16 | D:1      | Got A Tutorial on Spellcraft
    19 | D:1      | Learned a level 1 spell: Shock
   157 | D:1      | Reached XP level 2. HP: 15/15 MP: 0/8
   160 | D:1      | Learned a level 2 spell: Searing Ray
   585 | D:1      | Reached skill level 4 in Spellcasting
   671 | D:1      | Reached skill level 5 in Conjurations
   671 | D:1      | Reached XP level 3. HP: 19/19 MP: 5/10
   675 | D:1      | Learned a level 3 spell: Dazzling Flash
  1077 | D:2      | Noticed Jessica
  1082 | D:2      | Killed Jessica
  1083 | D:2      | Reached XP level 4. HP: 24/24 MP: 5/12
  1088 | D:2      | Learned a level 4 spell: Iskenderun's Mystic Blast
  1244 | D:2      | Found a shimmering blue altar of Sif Muna.
  1477 | D:1      | You fall into a shaft and drop 1 floor!
  1532 | D:1      | You fall into a shaft and drop 1 floor!
  1609 | D:2      | Reached skill level 5 in Spellcasting
  1894 | D:3      | Reached XP level 5. HP: 28/28 MP: 14/14
  2037 | D:3      | Noticed Robin
  2072 | D:3      | Killed Robin
  2148 | D:3      | Reached skill level 6 in Spellcasting
  2681 | D:3      | Learned a level 4 spell: Fulminant Prism
  2748 | D:4      | Noticed Menkaure
  2755 | D:4      | Killed Menkaure
  2756 | D:4      | Reached XP level 6. HP: 32/32 MP: 17/17
  2761 | D:4      | Reached skill level 7 in Spellcasting
  2989 | D:4      | Reached XP level 7. HP: 36/36 MP: 11/19
  3409 | D:4      | Found a shimmering blue altar of Sif Muna.
  3554 | D:5      | Entered Level 5 of the Dungeon
  3597 | D:5      | Found Tysaj's General Store.
  3627 | D:5      | Reached skill level 8 in Spellcasting
  3703 | D:5      | Noticed Edmund
  3718 | D:5      | Killed Edmund
  3947 | D:5      | Found a snail-covered altar of Cheibriados.
  4159 | D:5      | Found a radiant altar of Vehumet.
  4167 | D:5      | Reached skill level 9 in Spellcasting
  4167 | D:5      | Reached XP level 8. HP: 41/41 MP: 23/23
  4172 | D:5      | Became a worshipper of Vehumet
  4386 | D:6      | Noticed Grinder
  4395 | D:6      | Killed Grinder
  4396 | D:6      | Reached skill level 10 in Spellcasting
  4499 | D:6      | Noticed Duvessa
  4499 | D:6      | Noticed Dowan
  4590 | D:6      | Killed Duvessa
  4593 | D:6      | Killed Dowan
  4757 | D:5      | Bought a scroll of identify for 26 gold pieces
  4757 | D:5      | Bought a scroll of teleportation for 39 gold pieces
  4757 | D:5      | Bought a potion of degeneration for 13 gold pieces
  4757 | D:5      | Bought a scroll of brand weapon for 123 gold pieces
  4757 | D:5      | Bought 2 potions of curing for 78 gold pieces
  4757 | D:5      | Bought a scroll of teleportation for 39 gold pieces
  5025 | D:6      | Found a sparkling altar of Nemelex Xobeh.
  5130 | D:6      | Found a sacrificial altar of Ru.
  5252 | D:7      | Found a staircase to the Ecumenical Temple.
  5277 | D:7      | Reached skill level 11 in Spellcasting
  5277 | D:7      | Reached skill level 10 in Conjurations
  5330 | D:7      | Reached * piety under Vehumet
  5330 | D:7      | Offered knowledge of Kiss of Death by Vehumet.
  5336 | D:7      | Reached XP level 9. HP: 45/45 MP: 25/26
  5379 | D:7      | Learned a level 1 spell: Kiss of Death
  5450 | Temple   | Entered the Ecumenical Temple
  5831 | D:7      | Reached skill level 12 in Spellcasting
  6147 | D:8      | Noticed a two-headed ogre
  6157 | D:8      | Killed a two-headed ogre
  6158 | D:8      | Reached skill level 13 in Spellcasting
  6404 | D:8      | Offered knowledge of Freeze by Vehumet.
  6427 | D:8      | Reached ** piety under Vehumet
  6428 | D:8      | Reached XP level 10. HP: 34/48 MP: 24/29
  6764 | D:8      | Reached skill level 14 in Spellcasting
  7226 | D:9      | Found a staircase to the Lair.
  7231 | D:9      | Noticed a two-headed ogre
  7240 | D:9      | Killed a two-headed ogre
  7240 | D:9      | Offered knowledge of Momentum Strike by Vehumet.
  7244 | D:9      | Learned a level 2 spell: Momentum Strike
  7473 | D:9      | Reached skill level 15 in Spellcasting
  7584 | D:9      | Found a shadowy altar of Dithmenos.
  7861 | D:9      | Found an ancient bone altar of Kikubaaqudgha.
  8026 | D:9      | Found a blossoming altar of Fedhas.
  8081 | D:10     | Entered Level 10 of the Dungeon
  8088 | D:10     | Reached *** piety under Vehumet
  8088 | D:10     | Noticed a two-headed ogre
  8096 | D:10     | Reached XP level 11. HP: 54/54 MP: 15/32
  8099 | D:10     | Killed a two-headed ogre
  8567 | D:10     | Offered knowledge of Sticky Flame by Vehumet.
  8573 | D:10     | Learned a level 4 spell: Sticky Flame
  8579 | D:10     | Reached skill level 16 in Spellcasting
  9329 | D:11     | Reached skill level 18 in Spellcasting
  9329 | D:11     | Reached skill level 15 in Conjurations
  9329 | D:11     | Reached XP level 12. HP: 48/59 MP: 36/36
  9330 | D:11     | Reached skill level 19 in Spellcasting
  9330 | D:11     | Reached XP level 13. HP: 52/63 MP: 37/38
  9589 | D:11     | Reached **** piety under Vehumet
  9605 | D:11     | Offered knowledge of Frozen Ramparts by Vehumet.
  9672 | D:11     | Found a staircase to the Orcish Mines.
 10091 | D:10     | You fall into a shaft and drop 2 floors!
 10166 | D:12     | Noticed Erolcha
 10287 | D:12     | Reached ***** piety under Vehumet
 10287 | D:12     | Offered knowledge of Lee's Rapid Deconstruction by Vehumet.
 10287 | D:12     | Noticed Kirke
 10305 | D:12     | Killed Kirke
 10376 | D:12     | Reached skill level 20 in Spellcasting
 10503 | D:12     | Mangled by an ice devil

Illustrated notes

Levels and vault maps discovered:
D:1:      minmay_arrival_hallway, layout_basic
D:2:      layout_loops_cross, basic_altar, uniq_jessica
D:3:      layout_basic, kennysheep_generic_room_5, uniq_robin
D:4:      layout_basic, led_sif_pool, st_stairs_4, minmay_rat_hole,
          uniq_menkaure
D:5:      layout_loops_ring, nicolae_vehumet_radiance, lemuel_doored_altar,
          nicolae_take_the_stairs, uniq_edmund
D:6:      layout_cave_pools, nemelex_diamond_rough_becter,
          nicolae_ru_path_of_blood, uniq_grinder, uniq_duvessa
D:7:      layout_rooms, minmay_temple_entry_waves
D:8:      layout_gridville
D:9:      layout_cave_pools, kennysheep_vampire_church, kennysheep_little_box,
          nicolae_dithmenos_the_darkroom, serial_column_ruins,
          column_ruins_corridor_straight, column_ruins_grid_1,
          column_ruins_open_small, column_ruins_open_small,
          minmay_misc_feat_room, grunt_ogre_cave, chequers_serial_rivers_room_b,
          dk_noncrumbling_4, grunt_decor_fettered
D:10:     layout_gridville
D:11:     layout_layer_cave, hiddenorc2_lemuel
D:12:     layout_cave_pods, portal_ice_cave_demonic_guard,
          nicolae_elevator_lobby_plus, uniq_erolcha, uniq_kirke, uniq_azrael
Temple:   nicolae_temple_superstar

Skill      XL: |  1  2  3  4  5  6  7  8  9 10 11 12 13 |
---------------+----------------------------------------+-----
Spellcasting   | 4 5 6 7 9 11 13 15 18 19 20 | 20.1
Conjurations   | 5 6 7 8 10 11 13 15 16 17 | 17.5
Dodging        | |  2.4
Stealth        | |  2.4

Action                     |  1- 3 |  4- 6 |  7- 9 | 10-12 | 13-15 || total
---------------------------+-------+-------+-------+-------+-------++-------
  Melee: War axe           |       |     3 |       |       |     2 ||     5
   Cast: Magic Dart        |    64 |   138 |   125 |    73 |    95 ||   495
         Searing Ray       |       |    12 |    43 |    17 |     4 ||    76
         Iskenderun's Myst |       |       |    15 |    40 |    32 ||    87
         Shock             |       |       |     1 |       |       ||     1
         Fulminant Prism   |       |       |     6 |    18 |    14 ||    38
         Momentum Strike   |       |       |       |     1 |     5 ||     6
    Use: Potion            |       |       |     3 |     3 |     6 ||    12
         Scroll            |       |       |    13 |     4 |     1 ||    18
 Armour: Robe              |     1 |     7 |    11 |     7 |     5 ||    31
  Dodge: Dodged            |     7 |    17 |    24 |    18 |    23 ||    89
  Block: Other             |       |       |     9 |    11 |    11 ||    31
         Reflection        |       |       |     1 |     2 |     4 ||     7
